 Dungeon Crawl Stone Soup version 0.23-a0-85-g22930c1 (webtiles) character file.

326 Amnesiac the Grave Robber (level 6, -1/47 HPs)
             Began as a Mummy Wanderer on Aug 13, 2018.
             Was an Initiate of Gozag.
             Shot with a bolt by a kobold (6 damage)
             ... on level 5 of the Dungeon.
             The game lasted 00:03:47 (1170 turns).

Amnesiac the Grave Robber (Mummy Wanderer)          Turns: 1170, Time: 00:03:48

Health: -1/47      AC:  5    Str: 14    XL:     6   Next: 24%
Magic:  8/12       EV: 15    Int: 13    God:    Gozag
Gold:   16         SH:  0    Dex: 18    Spells: 10/13 levels left

rFire    x . .     SeeInvis .   c - +2 whip (venom)
rCold    + . .     Gourm    .   (no shield)
rNeg     + + +     Faith    .   d - +0 ring mail (curse)
rPois    ∞         Spirit   .   (no helmet)
rElec    .         Reflect  .   (no cloak)
rCorr    +         Harm     .   (no gloves)
MR       .....                  (no boots)
Stlth    ++........             (no amulet)
HPRegen  0.15/turn              i - ring of resist corrosion
MPRegen  0.13/turn              (no ring)

@: agile, flying, very slightly contaminated, hasted, invisible, very quick
A: no food or potions, fire vulnerability, cold resistance 1, negative energy
resistance 3, torment resistance, unbreathing
a: Potion Petition, Call Merchant, Bribe Branch, Renounce Religion


You were on level 5 of the Dungeon.
You worshipped Gozag.
Gozag was noncommittal.
You were not hungry.

You visited 1 branch of the dungeon, and saw 6 of its levels.

You collected 100 gold pieces.
You paid 84 gold pieces to Gozag.

Inventory:

Hand Weapons
 c - a +2 whip of venom (weapon)
 e - a +2 spear of freezing
Armour
 a - a +2 scale mail
 d - a cursed +0 ring mail (worn)
 h - a +0 shield
 j - a +0 pair of gloves
Jewellery
 i - a ring of resist corrosion (left hand)
Scrolls
 b - a scroll of identify {!r}
 f - a scroll of blinking {!r, unknown}
 g - a scroll of remove curse {!r}


   Skills:
 - Level 3.0 Fighting
 - Level 1.5 Armour
 - Level 1.5 Shields
 + Level 4.4 Spellcasting
 * Level 5.3 Necromancy
   Level 1.0 Translocations


You had 10 spell levels left.
You knew the following spells:

 Your Spells              Type           Power        Failure   Level  Hunger
a - Vampiric Draining     Necr           ###.......   13%         3    N/A

Your spell library contained the following spells:

 Spells                   Type           Power        Failure   Level  Hunger
 Animate Skeleton         Necr           N/A          4%          1    N/A
 Freeze                   Ice            #...         38%         1    N/A
 Ozocubu's Armour         Chrm/Ice       #.......     77%         3    N/A
 Statue Form              Tmut/Erth      #........    100%        6    N/A
 Dragon Form              Tmut           #.........   100%        7    N/A
 Hydra Form               Tmut           #.........   100%        6    N/A
 Irradiate                Conj/Tmut      #.........   100%        5    N/A

Dungeon Overview and Level Annotations

Branches:
Dungeon (6/15)
 Temple: D:4-7

Altars:
Gozag
Vehumet


Innate Abilities, Weirdness & Mutations

You do not eat or drink.
Your flesh is vulnerable to fire.
You are immune to poison.
Your flesh is cold resistant. (rC+)
You are immune to negative energy. (rN+++)
You are immune to unholy pain and torment.
You can survive without breathing.


Message History

The gnoll is heavily wounded.
The gnoll is distracted by the nearby gold.
You barely miss the gnoll.
The gnoll is no longer distracted by gold.
The gnoll shouts!
The gnoll is heavily wounded.
The gnoll barely misses you.
You closely miss the gnoll.
The gnoll is heavily wounded.
The kobold shoots a poisoned needle.
The poisoned needle hits the kobold!
The kobold is poisoned.
You hit the gnoll.
The gnoll is severely wounded.
The gnoll misses you.
You barely miss the gnoll.
The gnoll is severely wounded.
The kobold shoots a bolt.
The bolt hits the kobold.
The kobold dies!
The kobold shoots a poisoned needle.
The poisoned needle hits the gnoll!
The gnoll is poisoned.
The gnoll shouts!
The kobold shoots a poisoned needle.
The poisoned needle closely misses the kobold.
The poisoned needle hits the gnoll!
The gnoll looks as sick as possible!
The kobold shoots a poisoned needle.
The poisoned needle hits the gnoll!
The gnoll looks as sick as possible!
Things that are here:
a bolt; 2 poisoned needles You hit the gnoll but do no damage.
The gnoll is severely wounded.
The gnoll barely misses you.
The kobold shoots a poisoned needle.
The poisoned needle hits the gnoll!
The gnoll looks as sick as possible!
You catch the helpless gnoll completely off-guard!
You hit the gnoll.
You kill the gnoll!
The kobold shoots a bolt.
Items here: $ (( )) 11 gold pieces; a short sword; 2 bolts; a short sword; 3 poisoned needles You barely miss the kobold.
The kobold unwields an uncursed blowgun.
The kobold wields an uncursed whip of venom.
It begins to drip with poison!
The kobold closely misses you.
You hit the kobold.
The kobold is poisoned.
The kobold is severely wounded.
The kobold is distracted by the nearby gold.
The kobold shoots a poisoned needle.
The poisoned needle closely misses you.
You strike the helpless kobold from behind!
You hit the kobold.
You kill the kobold!
The kobold unwields an uncursed blowgun.
The kobold wields an uncursed short sword.
The kobold misses you.
Items here: $ ( )) 5 gold pieces; an uncursed whip of venom; an uncursed blowgun 12 poisoned needles You strike the helpless kobold from behind!
You hit the kobold but do no damage.
The kobold is poisoned.
The kobold unwields an uncursed short sword.
The kobold wields an uncursed blowgun.
The kobold shoots a poisoned needle.
You closely miss the kobold.
The kobold is no longer distracted by gold.
The kobold shoots a bolt.
The bolt misses the kobold.
The bolt hits you.
You die...
Your body crumbles into a pile of gold.

######.........
#..............
#.............# #######
#.............# ........##
#.............#
.........####.............#
K..........##.............#
.........($(.(............
......._K@$#..............
####...K..#######.........
#..[..(# #.........
#..(.(.# #.........
#......# #.........
#......# #!........
#####......#######.........
#...#......................
#...#......................


You could see 2 kobolds.

Vanquished Creatures
  A centaur (D:5)
  A gnoll sergeant (D:5)
  A scorpion (D:4)
  A howler monkey (D:4)
  A bullfrog skeleton (D:3)
  A worker ant (D:5)
  2 gnolls (D:5)
  An ooze (D:4)
  A worm (D:5)
  A dart slug (D:1)
  A leopard gecko (D:5)
  An orc (D:3)
  A giant cockroach (D:3)
  2 goblins
  3 hobgoblins
  2 frilled lizards
  A jackal zombie (D:5)
  4 kobolds
26 creatures vanquished.

Vanquished Creatures (others)
  2 kobolds (D:5)
2 creatures vanquished.

Grand Total: 28 creatures vanquished

Notes
Turn   | Place    | Note
-------+----------+-------------------------------------------
     0 | D:1      | Amnesiac the Mummy Wanderer began the quest for the Orb.
     0 | D:1      | Amnesiac set off with: a +2 scale mail, a +0 club
     0 | D:1      | Reached XP level 1. HP: 18/18 MP: 1/1
    73 | D:1      | Reached skill level 1 in Spellcasting
   171 | D:2      | Reached XP level 2. HP: 24/24 MP: 5/5
   350 | D:3      | Reached XP level 3. HP: 9/29 MP: 6/8
   355 | D:3      | Learned a level 3 spell: Vampiric Draining
   570 | D:4      | Reached XP level 4. HP: 11/35 MP: 10/10
   747 | D:4      | Reached skill level 3 in Necromancy
   819 | D:4      | Reached XP level 5. HP: 25/41 MP: 11/11
   895 | D:5      | Entered Level 5 of the Dungeon
  1031 | D:5      | Found an opulent altar of Gozag.
  1036 | D:5      | Reached skill level 4 in Necromancy
  1056 | D:5      | Became a worshipper of Gozag Ym Sagoz the Greedy
  1097 | D:5      | Noticed a centaur
  1111 | D:5      | Killed a centaur
  1111 | D:5      | Reached skill level 5 in Necromancy
  1125 | D:5      | Reached XP level 6. HP: 12/47 MP: 3/12
  1130 | D:5      | Found a radiant altar of Vehumet.
  1170 | D:5      | Shot with a bolt by a kobold

Vault maps used:
D:1:      onia_arrival_pyramid
D:3:      minmay_checkerbox
D:4:      minmay_misc_feat_chi
D:5:      grunt_gozag_breadcrumbs, nicolae_ossuary_entry_false_entrances,
          basic_altar, first_ration
D:6:      minmay_temple_entry_nine_rooms, uniq_edmund, uniq_sigmund

Skill      XL: |  1  2  3  4  5 |
---------------+----------------+-----
Spellcasting   | 2 3 4 |  4.4
Necromancy     | 3 5 |  5.3
Fighting       | |  3.0
Armour         | |  1.5
Shields        | |  1.5
Translocations | |  1.0

Action                   |  1- 3 |  4- 6 || total
-------------------------+-------+-------++-------
Melee: Spear             |    43 |    10 ||    53
       Whip              |     7 |    47 ||    54
 Cast: Vampiric Draining |       |     2 ||     2
Invok: Potion Petition   |       |     1 ||     1
  Use: Scroll            |       |     3 ||     3
 Stab: Invisible         |       |     3 ||     3
Armor: Scale mail        |     3 |       ||     3
       Ring mail         |     6 |    16 ||    22
Dodge: Dodged            |    20 |    49 ||    69

Table legend:
 A = Non-vault XP
 B = Vault XP
 C = Vault XP percentage of total XP
 D = Non-vault monster count
 E = Vault monster count
 F = Vault count percentage of total count
 G = Total turns spent on level
                 A         B        C        D         E       F
            +---------+---------+-------+---------+---------+-------
      Total |     459 |       7 |   1.5 |      22 |       4 |  15.4
            +---------+---------+-------+---------+---------+-------
        D:1 |      11 |       0 |   0.0 |       6 |       0 |   0.0
        D:2 |       3 |       0 |   0.0 |       2 |       0 |   0.0
        D:3 |      42 |       7 |  14.3 |       2 |       4 |  66.7
        D:4 |     137 |       0 |   0.0 |       3 |       0 |   0.0
        D:5 |     266 |       0 |   0.0 |       9 |       0 |   0.0
            +---------+---------+-------+---------+---------+-------
